 Dungeon Crawl Stone Soup version 0.21.1-1-g345015f (webtiles) character file.

548 poirepourri the Covert (level 7, -1/32 HPs)
             Began as a Spriggan Enchanter on July 21, 2018.
             Slain by a wight
             ... wielding a +5 mace
              (2 damage)
             ... on level 5 of the Dungeon.
             The game lasted 00:04:55 (3115 turns).

poirepourri the Covert (Spriggan Enchanter)         Turns: 3115, Time: 00:04:56

Health: -1/32      AC:  6    Str:  4    XL:     7   Next: 7%
Magic:  2/17       EV: 18    Int: 17    God:
Gold:   171        SH:  0    Dex: 18    Spells: 12/18 levels left

rFire    . . .     SeeInvis +   a - +1 dagger
rCold    . . .     Gourm    .   (shield restricted)
rNeg     . . .     Faith    .   b - +1 robe
rPois    .         Spirit   .   (helmet restricted)
rElec    .         Reflect  .   l - +2 cloak
rCorr    +         Harm     .   (gloves unavailable)
MR       +....                  (boots unavailable)
Stlth    ++++......             (no amulet)
HPRegen  0.10/turn              h - ring of resist corrosion
MPRegen  0.15/turn              (no ring)

@: drained, very quick
A: very small, unfitting armour, see invisible, herbivore, speed 3, slow
metabolism 2
a: no special abilities


You were on level 5 of the Dungeon.
You were not hungry.

You visited 1 branch of the dungeon, and saw 5 of its levels.

You collected 171 gold pieces.

Inventory:

Hand Weapons
 a - a +1 dagger (weapon)
Armour
 b - a +1 robe (worn)
 l - a +2 cloak (worn)
Jewellery
 h - a ring of resist corrosion (left hand)
 n - an uncursed amulet of faith
 p - an uncursed ring of poison resistance {unknown}
Scrolls
 j - a scroll of fear
 q - a scroll of remove curse
Potions
 e - a potion of magic
 f - 2 potions of curing {unknown}
 g - 3 potions of mutation {unknown}
 i - a potion of heal wounds {unknown}
 k - a potion of agility {unknown}
 m - a potion of haste {unknown}
 o - a potion of might {unknown}
Books
 c - a book of Maledictions

   Spells                             Type                      Level
   a - Corona                         Hexes                        1
   b - Ensorcelled Hibernation        Hexes/Ice                    2
   c - Confuse                        Hexes                        3
   d - Tukima's Dance                 Hexes                        3
   e - Dazzling Spray                 Conjuration/Hexes            3
Comestibles
 d - 4 rations


   Skills:
 - Level 1.1(0.4) Short Blades
 - Level 3.0(2.3) Dodging
 - Level 9.2(8.4) Stealth
 - Level 6.1(5.4) Spellcasting
 + Level 5.0(4.3) Hexes


You had 12 spell levels left.
You knew the following spells:

 Your Spells              Type           Power        Failure   Level  Hunger
a - Corona                Hex            ###....      2%          1    None
b - Ensorcelled Hibernat  Hex/Ice        ##....       9%          2    #......
c - Confuse               Hex            ###.....     7%          3    ##.....


Dungeon Overview and Level Annotations

Branches:
Dungeon (5/15)
 Temple: D:4-7

Altars:
Okawaru


Innate Abilities, Weirdness & Mutations

You are very small and have problems with some larger weapons.
You are too small for most types of armour.
You have supernaturally acute eyesight. (SInv)
You are a herbivore.
You cover ground extremely quickly.
You need consume almost no food.


Message History

Aiming: Confuse
Press: ? - help, Shift-Dir - straight line, f/p - wight
Aim: a wight, wielding a long sword of freezing and wearing a robe (almost destroyed, chance to defeat MR: 50%)
The wight appears confused.
The wight hits the wight with a long sword of freezing.
The wight barely misses you.
You catch the helpless wight completely off-guard!
You puncture the wight!
You destroy the wight!
Your base Hexes skill increases to level 5!
Casting: Confuse
Confirm with . or Enter, or press ? or * to list all spells.
Aiming: Confuse
Press: ? - help, Shift-Dir - straight line, f - wight
Aim: a wight, wielding an enchanted mace and wearing a robe (lightly damaged, chance to defeat MR: 50%)
The wight appears confused.
The wight hits you with an enchanted mace!
* * * LOW HITPOINT WARNING * * *
You feel drained.
You die...

###########
#......@z.##############
#.#######....)......)...
#.# ##########.##### #.#
#!... #.# ##.### #<# #.#
#.# #.# #.# #.# #.# #.#


You could see a wight (confused).

Vanquished Creatures
  2 ogres (D:4)
  Blork the orc (D:4)
  2 wights (D:5)
  A crimson imp (D:3)
  A centaur skeleton (D:4)
  A hound (D:4)
  A bullfrog skeleton (D:4)
  Natasha (thrice) (D:4)
  An adder (D:3)
  2 worms
  2 dart slugs
  2 leopard geckos
  2 orcs
  4 bats
  A giant cockroach (D:2)
  3 goblins (D:3)
  3 hobgoblins
  4 kobolds
  A quokka (D:4)
  A frilled lizard (D:2)
  A leopard gecko skeleton (D:4)
  A quokka skeleton (D:4)
  2 rats
42 creatures vanquished.

Notes
Turn   | Place    | Note
-------+----------+-------------------------------------------
     0 | D:1      | poirepourri the Spriggan Enchanter began the quest for the Orb.
     0 | D:1      | Reached XP level 1. HP: 9/9 MP: 5/5
   335 | D:1      | You fall through a shaft!
   358 | D:2      | Reached skill level 5 in Stealth
   430 | D:2      | Reached XP level 2. HP: 8/13 MP: 4/6
   471 | D:1      | Learned a level 2 spell: Ensorcelled Hibernation
  1087 | D:3      | Reached skill level 6 in Stealth
  1138 | D:3      | Reached XP level 3. HP: 16/16 MP: 8/8
  1159 | D:3      | Learned a level 3 spell: Confuse
  1543 | D:3      | Found an iron altar of Okawaru.
  1564 | D:3      | Reached skill level 7 in Stealth
  1564 | D:3      | Reached XP level 4. HP: 21/21 MP: 9/9
  1875 | D:4      | Noticed an ogre
  1882 | D:4      | Killed an ogre
  1882 | D:4      | Reached skill level 9 in Stealth
  1882 | D:4      | Reached XP level 5. HP: 24/24 MP: 10/10
  2112 | D:4      | Noticed Blork the orc
  2117 | D:4      | Noticed Natasha
  2124 | D:4      | Killed Blork the orc
  2201 | D:4      | Killed Natasha
  2201 | D:4      | Reached XP level 6. HP: 28/28 MP: 10/14
  2350 | D:4      | Reached skill level 5 in Spellcasting
  2439 | D:4      | Noticed Natasha
  2444 | D:4      | Killed Natasha
  2538 | D:4      | Noticed Natasha
  2555 | D:4      | Killed Natasha
  3044 | D:5      | Entered Level 5 of the Dungeon
  3078 | D:5      | Reached XP level 7. HP: 28/32 MP: 10/17
  3097 | D:5      | Reached skill level 5 in Hexes
  3115 | D:5      | HP: 1/32 [wight/enchanted mace (9)]
  3115 | D:5      | Slain by a wight

Skill      XL: |  1  2  3  4  5  6  7 |
---------------+----------------------+-----
Stealth        | 5 6 7 9 |  9.2
Spellcasting   | 4 6 |  6.1
Hexes          | 4 5 |  5.0
Short Blades   | |  1.1
Dodging        | |  3.0

Action                   |  1- 3 |  4- 6 |  7- 9 || total
-------------------------+-------+-------+-------++-------
Melee: Dagger            |    79 |    57 |     3 ||   139
 Cast: Corona            |     6 |       |       ||     6
       Ensorcelled Hiber |    11 |    14 |       ||    25
       Confuse           |       |     7 |     4 ||    11
  Use: Scroll            |     4 |     5 |       ||     9
 Stab: Sleeping          |    12 |    14 |       ||    26
       Confused          |       |     5 |     1 ||     6
  Eat: Ration            |       |     2 |       ||     2
Armor: Robe              |     6 |     5 |       ||    11
Dodge: Dodged            |    53 |    30 |     2 ||    85
